 Dungeon Crawl Stone Soup version 0.28-a0-8-g6e044cfa68 (webtiles) character file.

Game seed: 8985549984477812077

8258 Gwenloh the Thrower (level 11, -13/117 HPs)
             Began as an Ogre Berserker on July 23, 2021.
             Was a Priest of Trog.
             Mangled by a death yak (16 damage)
             ... on level 1 of the Lair of Beasts.
             The game lasted 00:42:16 (15726 turns).

Gwenloh the Thrower (Ogre Berserker)               Turns: 15726, Time: 00:42:16

Health: -13/117    AC:  5    Str: 23    XL:     11   Next: 28%
Magic:  11/11      EV: 11    Int:  8    God:    Trog [***...]
Gold:   733        SH:  0    Dex: 11    Spells: 10/10 levels left

rFire   . . .      SeeInvis +   v - +3 giant spiked club
rCold   . . .      Faith    .   (shield currently unavailable)
rNeg    . . .      Spirit   .   L - +0 troll leather armour
rPois   .          Reflect  .   (helmet restricted)
rElec   .          Harm     .   (no cloak)
rCorr   .          Rampage  .   (gloves unavailable)
Will    ++...                   (boots unavailable)
Stlth   +.........              x - amulet of magic regeneration
HPRegen 1.29/turn               f - ring of see invisible
MPRegen 0.37/turn               E - ring of willpower

@: brilliant
A: large, unfitting armour, tough skin 1
a: Renounce Religion, Berserk, Trog's Hand


You were on level 1 of the Lair of Beasts.
You worshipped Trog.
Trog was most pleased with you.
You visited 3 branches of the dungeon, and saw 11 of its levels.
You also visited: Ossuary.

You collected 733 gold pieces.

Inventory:

Hand Weapons
 a - a +1 vampiric whip
 b - a +0 morningstar of draining
 g - a +0 mace
 t - a +4 whip
 v - a +3 giant spiked club (weapon)
Missiles
 h - 115 stones
 s - 21 poisoned darts
 K - 2 boomerangs (quivered)
Armour
 e - a +0 animal skin
 r - a +0 kite shield
 L - a +0 troll leather armour (worn)
Jewellery
 f - a ring of see invisible (left hand)
 x - an amulet of magic regeneration (around neck)
 E - a ring of willpower (right hand)
 H - the ring of Qitush {rF+ rN+++ Int-2 Dex-2 Stlth+}
   (You found it on level 7 of the Dungeon)

   [ring of protection from fire]

   Int:       It affects your intelligence (-2).
   Dex:       It affects your dexterity (-2).
   rF:        It protects you from fire.
   rN:        It renders you almost immune to negative energy.
   Stlth:     It makes you more stealthy.
Wands
 q - a wand of paralysis (9)
 A - a wand of mindburst (21)
 J - a wand of iceblast (7)
Scrolls
 d - 2 scrolls of fear
 k - 5 scrolls of teleportation
 m - 4 scrolls of enchant armour
 n - 5 scrolls of magic mapping
 C - 2 scrolls of silence
 G - 2 scrolls of blinking
 M - a scroll of fog {unknown}
Potions
 c - 8 potions of brilliance
 i - 2 potions of heal wounds {unknown}
 l - a potion of ambrosia {unknown}
 o - a potion of resistance {unknown}
 p - a potion of flight {unknown}
 u - a potion of haste {unknown}
 w - a potion of mutation {unknown}
 z - 2 potions of lignification {unknown}
 B - 2 potions of invisibility {unknown}
Miscellaneous
 F - a phantom mirror


   Skills:
 + Level 9.9 Fighting
 + Level 9.7 Maces & Flails
 + Level 9.9 Throwing
 + Level 6.9 Dodging


You had 10 spell levels left.
You didn't know any spells.
Your spell library was empty.

Dungeon Overview and Level Annotations

Branches:
Dungeon (9/15)             Temple (1/1) D:7            Lair (1/6) D:9
Ossuary (visited)
    Orc: D:9-12

Altars:
Ashenzari
Cheibriados
Dithmenos
Elyvilon
Gozag
Hepliaklqana
Kikubaaqudgha
Nemelex Xobeh
Okawaru
Qazlal
Ru
Sif Muna
Trog
Uskayaw
Vehumet
Wu Jian
Xom
Yredelemnul
Zin
The Shining One
Beogh

Shops:
D:1 (

Annotations:
D:9 3 runed translucent doors, ramir17's ghost, novice DDEE


Innate Abilities, Weirdness & Mutations

You are too large for most types of armour.
You have tough skin. (AC +1)


Message History

The death yak dies!
Trog accepts your kill.
Things that are here:
a death yak corpse; a death yak corpse Your two-headed ogre rages.
There is a staircase to the Lair, spattered with blood here.
You start resting.
Your two-headed ogre rages. x4
Your two-headed ogre is no longer berserk.
Your two-headed ogre disappears in a puff of smoke!
HP restored.
You climb downwards.
Welcome back to the Lair of Beasts!
The death yak gores you!
There is a staircase back to the Dungeon, spattered with blood here.
You impale the death yak!!
The death yak is moderately wounded.
The death yak gores you!! The death yak gores you.
You impale the death yak!!
The death yak is severely wounded.
The death yak misses you.
You hit the death yak but do no damage.
The death yak is severely wounded.
The death yak gores you!!
Your troll leather armour prevents you from hitting the death yak.
The death yak is severely wounded.
The death yak barely misses you. The death yak gores you!
You are too injured to fight recklessly!
You are too injured to fight recklessly!
You barely miss the death yak.
The death yak is severely wounded.
The death yak gores you!!
* * * LOW HITPOINT WARNING * * *
You hit the death yak but do no damage.
The death yak is severely wounded.
The death yak gores you!!
* * * LOW HITPOINT WARNING * * *
It was a potion of brilliance.
You feel clever all of a sudden. The death yak gores you!
You die...

### ## ##P#
#.###..##
###......## .#.
#.......Y.# P.##
#.......@.# ...#
#........## #..#
#.........# ..#
#.........## #.#
##........P# (.
#.## #........##
YY
#..####.........#
..
##..##†.........##
..
#..............##


You could see a death yak.

Vanquished Creatures
  A hydra (D:6)
  A death yak (D:9)
  An ugly thing (D:9)
  A komodo dragon (D:7)
  2 trolls (D:9)
  A meliai zombie (D:6)
  A wraith (D:8)
  2 wyverns
  2 steam dragons
  An acid dragon (D:7)
  2 water moccasins
  An ice beast (D:7)
  3 orc warriors
  3 sky beasts
  4 ogres
  3 wolves
  A centaur (D:9)
  2 phantoms
  2 kobold brigands
  An elf zombie (Ossuary)
  A wyvern zombie (D:6)
  4 bullfrogs
  2 scorpions (D:5)
  2 water moccasin skeletons (D:5)
  3 electric eels (D:9)
  A howler monkey (D:7)
  6 hounds
  A human zombie (Ossuary)
  8 centaur zombies
  5 orc priests
  4 centaur skeletons
  4 iguanas
  7 orc wizards
  A scorpion zombie (D:5)
  A killer bee zombie (D:6)
  2 mummies (Ossuary)
  3 gnolls
  6 adders
  A shadow imp (D:7)
  A worm (D:5)
  4 adder zombies (Ossuary)
  2 dart slugs
  26 orcs
  8 endoplasms
  3 giant cockroaches
  5 goblins
  2 hobgoblins (D:2)
  9 jackals
  15 kobolds
  5 quokkas
  8 ball pythons
  6 bats
  4 frilled lizards
  10 hobgoblin zombies (Ossuary)
  8 kobold zombies (Ossuary)
  7 orc zombies (Ossuary)
  5 rats
  3 rat zombies (Ossuary)
228 creatures vanquished.

Vanquished Creatures (collateral kills)
  2 death yaks (D:9)
  2 hornets
  A water moccasin zombie (D:7)
  A howler monkey (D:9)
  An orc priest (D:7)
  An orc wizard (D:7)
  An orc (D:7)
  A kobold (D:7)
10 creatures vanquished.

Grand Total: 238 creatures vanquished

Notes
Turn   | Place    | Note
-------+----------+-------------------------------------------
     0 | D:1      | Gwenloh the Ogre Berserker began the quest for the Orb.
     0 | D:1      | Reached XP level 1. HP: 24/24 MP: 1/1
    15 | D:1      | Found Addi's Weapon Emporium.
   183 | D:1      | Found a faded altar of an unknown god.
   322 | D:1      | Reached XP level 2. HP: 32/32 MP: 2/2
   971 | D:1      | Reached skill level 1 in Throwing
   979 | D:1      | Reached XP level 3. HP: 39/39 MP: 3/3
  1546 | D:2      | Reached ** piety under Trog
  1747 | D:2      | Reached XP level 4. HP: 46/48 MP: 4/4
  2496 | D:2      | 1
  3581 | D:3      | Reached XP level 5. HP: 54/54 MP: 5/5
  3899 | D:3      | Found a broken altar of Ashenzari.
  4763 | D:4      | Reached XP level 6. HP: 32/62 MP: 6/6
  4975 | D:4      | Reached *** piety under Trog
  4991 | D:4      | Reached skill level 5 in Maces & Flails
  5539 | D:4      | Reached XP level 7. HP: 59/70 MP: 7/7
  6275 | D:4      | Reached skill level 5 in Throwing
  6482 | D:5      | Entered Level 5 of the Dungeon
  7450 | D:5      | Found a glowing silver altar of Zin.
  7519 | D:5      | Reached XP level 8. HP: 71/78 MP: 8/8
  7738 | D:5      | 4
  9619 | D:6      | Reached XP level 9. HP: 74/87 MP: 9/9
  9706 | D:6      | Noticed a six-headed hydra
  9716 | D:6      | Killed a six-headed hydra
  9950 | D:6      | Found an ornate altar of the Wu Jian Council.
 10490 | D:7      | Found a sand-covered staircase.
 10498 | Ossuary  | Entered an ossuary
 10752 | Ossuary  | Reached **** piety under Trog
 11207 | D:7      | Found a shadowy altar of Dithmenos.
 11394 | D:7      | Found a staircase to the Ecumenical Temple.
 11632 | D:7      | Noticed a hornet
 11961 | D:7      | Killed a hornet
 11962 | D:7      | Reached XP level 10. HP: 82/102 MP: 10/10
 11984 | D:7      | Reached skill level 5 in Dodging
 12818 | D:7      | Identified the ring of Qitush {rF+ rN+++ Int-2 Dex-2
                  | Stlth+}
 12897 | Temple   | Entered the Ecumenical Temple
 14789 | D:9      | Found a staircase to the Lair.
 14904 | D:9      | Paralysed by a hornet for 1 turns
 14909 | D:9      | Paralysed by a hornet for 3 turns
 15057 | D:9      | Noticed a red ugly thing
 15065 | D:9      | Killed a red ugly thing
 15066 | D:9      | Reached XP level 11. HP: 115/115 MP: 11/11
 15120 | D:9      | Found a runed translucent gate.
 15120 | D:9      | Found a runed translucent gate.
 15120 | D:9      | Found a runed translucent gate.
 15121 | D:9      | Noticed ramir17's ghost (novice DDEE)
 15123 | D:9      | Identified the +1 plate armour of Refis {Contam *Slow SInv
                  | Stlth+}
 15123 | D:9      | Identified the +1 robe of Laydghuxt {rPois rN+}
 15567 | Lair:1   | Entered Level 1 of the Lair of Beasts
 15598 | Lair:1   | Noticed a death yak
 15598 | Lair:1   | Noticed a death yak
 15598 | Lair:1   | Noticed a death yak
 15617 | Lair:1   | Noticed a death yak
 15624 | D:9      | Killed a death yak
 15669 | D:9      | Killed a death yak
 15670 | D:9      | Killed a death yak
 15725 | Lair:1   | HP: 2/117 [death yak (24)]
 15726 | Lair:1   | Mangled by a death yak

Illustrated notes

#.#.# #.# #.#
#.#.# #.# #.#
#.#.# #.# #.#
#.#.# #.# #.#
#.#.# #.# #.#
##'#.# #.# #.#
#....# #.# #.#
##....####.#######
#.#
................@#
#.#
##....############
#.# #............#
#.# #...########.#
#.# #...'......).#
#.# #...##########
#.# #...# #.#
#...# #.# #####
#.#


Turn 2496 on D:2: 1 .............## ###.. ..###........## ##. ### #.......## ##
#......## ##.....# #...### #....# ####.## #@.# ##.# #.. .... ...... ..... #..Z.
#... Turn 7738 on D:5: 4

Levels and vault maps discovered:
D:1:      dpeg_arrival_long_road, layout_basic, serial_shops, shop_coins,
          dreamdust_ecumenical_altar_grove, roderic_serpentine_path
D:2:      layout_basic
D:3:      layout_basic, mainiacjoe_overflow_tiny_flanked, serial_park_tiny_pond
D:4:      layout_loops_ring, gup_sewer_entry_bowl
D:5:      layout_cave_pods, zin_statuary, corexii_item_surrounded_by_moat,
          chequers_serial_rivers_micro_a
D:6:      layout_cave_pools, kennysheep_little_box, serial_co_window_serial,
          co_window_corner_a, co_window_paths_a, co_window_of_opportunity_a,
          co_window_of_opportunity_a, co_window_of_opportunity_a,
          co_window_broadway_b, co_window_of_opportunity_b,
          co_window_broadway_c, co_window_broadway_b, co_window_2corner,
          co_window_2corner, co_window_broadway_c, glass_columns_a,
          glass_columns_b, glass_columns_b
D:7:      minmay_blocky_corners, layout_basic, grunt_dithmenos_shadows,
          minmay_temple_entry_hall, nicolae_ossuary_entry_plus, st_stairs_10,
          kennysheep_small_circle
D:8:      layout_basic
D:9:      layout_cave_pools, erik_lair_island, biasface_ghost_orc_armoury
Temple:   nicolae_temple_elliptical
Lair:1:   layout_cave_pods, nicolae_quartered_pool_medium, grunt_megastairs_1,
          lemuel_fruit_fields

Skill      XL: |  1  2  3  4  5  6  7  8  9 10 |
---------------+-------------------------------+-----
Maces & Flails | 3 4 5 6 7 8 9 |  9.7
Throwing       | 1 2 3 4 5 7 8 9 |  9.9
Dodging        | 3 4 6 |  6.9
Fighting       | 7 9 |  9.9

Action                   |  1- 3 |  4- 6 |  7- 9 | 10-12 || total
-------------------------+-------+-------+-------+-------++-------
Melee: Mace              |     5 |       |       |       ||     5
       Whip              |    63 |   152 |    17 |       ||   232
       Morningstar       |       |       |   235 |       ||   235
       Giant spiked club |       |       |    33 |   126 ||   159
Throw: Stone             |    61 |   112 |   238 |    74 ||   485
       Boomerang         |       |       |       |    82 ||    82
Invok: Trog's Hand       |       |       |     8 |     5 ||    13
       Berserk           |       |       |     8 |     4 ||    12
       Brothers in Arms  |       |       |     1 |     2 ||     3
Evoke: Wand              |       |       |     2 |       ||     2
  Use: Scroll            |       |     3 |     9 |     3 ||    15
       Potion            |       |       |     1 |     3 ||     4
 Stab: Paralysed         |       |       |     3 |       ||     3
       Sleeping          |       |       |     1 |       ||     1
Armor: Animal skin       |    16 |    22 |    84 |    13 ||   135
       Troll leather arm |       |       |       |    17 ||    17
Dodge: Dodged            |    18 |    63 |   179 |    93 ||   353

Table legend: (Time is in decaauts)
 A = Elapsed time spent in this place.
 B = Non-inter-level travel time spent in this place.
 C = Inter-level travel time spent in this place.
 D = Time resting spent in this place.
 E = Time spent auto-exploring this place.
 F = Levels seen in this place.
 G = Mean time per level.
                   A        B        C        D        E       F      G
               +--------+--------+--------+--------+--------+-----+--------+
         Total |  15862 |  15307 |    555 |   3004 |   9726 |  12 | 1321.8 |
       Dungeon |  15005 |  14477 |    528 |   2868 |   9590 |   9 | 1667.2 |
        Temple |    146 |    120 |     26 |      0 |    119 |   1 |  146.0 |
          Lair |     61 |     61 |      0 |      0 |     17 |   1 |   61.0 |
       Ossuary |    648 |    648 |      0 |    135 |      0 |   1 |  648.0 |
               +--------+--------+--------+--------+--------+-----+--------+

Top non-repeatable levels by time:
     D:6: 2251 daAuts
     D:3: 2162 daAuts
     D:5: 2155 daAuts
     D:8: 1794 daAuts
     D:2: 1681 daAuts
     D:1: 1505 daAuts
     D:7: 1464 daAuts
     D:4: 1127 daAuts
     D:9: 862 daAuts
 Ossuary: 648 daAuts
  Temple: 146 daAuts
  Lair:1: 61 daAuts
